Cogmind - Beta 14 @@@ ROGUE MODE // 2024.08.27 @ 20:49:18 Player: Daoboi Result: Destroyed by G-47 Trooper with Particle Gun Performance ------------- Evolutions (1) 500 Regions Visited (4) 800 Robots Destroyed (6) 30 Value Destroyed (230) 230 Prototype IDs (0) 0 Alien Tech Used (0) 0 Bonus (0) 0 TOTAL SCORE: 1560 Bonus ------- None Cogmind --------- Core Integrity 0/400 Matter 258/300 Energy 98/100 System Corruption 0% Temperature Cool (9) Movement Core (50) Location -9/Mines Parts ------- > --- POWER (1) -------- (None) > --- PROPULSION (2) --- (None) > --- UTILITY (4) ------ Power Shielding Power Shielding > --- WEAPON (2) ------- (None) > --- INVENTORY (5) ---- Improved Heat Sink Sensor Array Power Shielding Weapon Shielding Peak State ------------ > --- POWER ------------ Light Ion Engine > --- PROPULSION ------- Aluminum Leg Aluminum Leg > --- UTILITY ---------- Small Storage Unit Medium Storage Unit > --- WEAPON ----------- Assault Rifle Light Assault Rifle > --- INVENTORY -------- Light Ion Engine Light Nuclear Core Wheel Wheel Sensor Array Power Shielding Power Shielding Power Shielding Assault Rifle [Rating: 8] Favorites ----------- Power Light Ion Engine Engine Light Ion Engine Power Core Light Nuclear Core Propulsion Aluminum Leg Leg Aluminum Leg Wheel Wheel Utility Small Storage Unit Storage Small Storage Unit Protection Power Shielding Weapon Assault Rifle Ballistic Gun Assault Rifle Build | -11 -10 -10 -9 -9 ------- Run | Yrd Mat Min Mat Min Slots Evolved 2 | . . . 2 . Power . | . . . . . Propulsion . | . . . . . Utility 2 | . . . 2 . Weapon . | . . . . . Parts Attached 18 | 6 1 1 4 6 Power 3 | 1 . . 1 1 Engine 2 | 1 . . 1 . Core 1 | . . . . 1 Reactor . | . . . . . Propulsion 5 | 2 . 1 2 . Treads . | . . . . . Leg 3 | 2 . 1 . . Wheel 2 | . . . 2 . Hover . | . . . . . Flight . | . . . . . Utility 7 | 1 1 . 1 4 Device . | . . . . . Storage 2 | 1 1 . . . Processor . | . . . . . Hackware . | . . . . . Protection 5 | . . . 1 4 Artifact . | . . . . . Weapon 3 | 2 . . . 1 Energy Gun . | . . . . . Energy Cannon . | . . . . . Ballistic Gun 3 | 2 . . . 1 Ballistic Cannon . | . . . . . Launcher . | . . . . . Special Weapon . | . . . . . Impact Weapon . | . . . . . Slashing Weapon . | . . . . . Piercing Weapon . | . . . . . Special Melee Weapon . | . . . . . Unidentified Prototypes . | . . . . . Parts Lost 11 | . 1 5 . 5 Power 2 | . 1 . . 1 Propulsion 5 | . . 3 . 2 Utility 1 | . . . . 1 Weapon 3 | . . 2 . 1 Highest Loss Streak 5 | . 1 3 . 5 To Critical Strikes . | . . . . . Average Slot Usage (%) 80 | . 91 72 33 72 Engine 6 | . 8 . 2 7 Leg 18 | . 28 22 . . Wheel 3 | . . . 5 15 Storage 24 | . 25 28 22 20 Protection 5 | . . . 2 22 Ballistic Gun 19 | . 28 21 . 5 Peak Build Rating 8 | 6 8 7 7 8 Average Rating 6 | 4 6 6 3 7 On Entrance 4 | . 6 7 3 7 Naked Turns . | . . . . . Heaviest Build 22 | 11 21 18 19 22 Greatest Support 20 | 20 20 20 20 20 Greatest Overweight (x) 7 | . 1 4 4 7 Average Overweight (x) . | . . . 2 . Largest Inventory Capacity 10 | 8 10 10 10 10 Average Capacity 9 | 7 9 10 10 9 Most Carried 10 | 5 10 10 10 7 Average Carried 7 | 3 7 10 9 5 Final Capacity 10 | 8 10 10 10 5 Final Carried 10 | 4 10 10 7 4 Class Distribution -------------------- 100% | Mutant Dominant Class ---------------- Mutant | -10/Materials Mutant | -10/Mines Mutant | -9/Materials Mutant | -9/Mines Resources | -11 -10 -10 -9 -9 ----------- Run | Yrd Mat Min Mat Min Matter Collected 414 | 228 125 61 . . Remotely . | . . . . . Salvage Created 259 | . 182 77 . . Parts 15 | . 10 5 . . Haulers Intercepted . | . . . . . Recyclers Shooed . | . . . . . Parts Field Recycled . | . . . . . Retrieved Matter . | . . . . . Parts Self-Destructed . | . . . . . Prevented . | . . . . . Kills | -11 -10 -10 -9 -9 ------- Run | Yrd Mat Min Mat Min Combat Hostiles Destroyed 6 | . 4 2 . . Guns 6 | . 4 2 . . Classes Destroyed 1 | . 1 . . . Grunt 6 | . 4 2 . . Best Kill Streak 2 | . 2 1 . . Combat Bots Only 2 | . 2 1 . . Max Kills in Single Turn 1 | . 1 1 . . Gunslinging . | . . . . . Exploded . | . . . . . Melee . | . . . . . Uniques/NPCs Destroyed . | . . . . . Combat | -11 -10 -10 -9 -9 -------- Run | Yrd Mat Min Mat Min Hostile Shots Fired 207 | . 35 56 . 116 Missed 58 | . 14 9 . 35 Damage Taken 1631 | . 241 527 . 863 Core 553 | . 49 94 . 410 Absorbed by Shields . | . . . . . Redirected to Shielding 29 | . . . . 29 Core Remaining (%) 71 | 100 . 42 . . Volleys Fired 41 | . 22 19 . . Largest 2 | . 2 2 . . Hottest 40 | . 40 40 . . Shots Fired 78 | . 44 34 . . Gun 78 | . 44 34 . . Cannon . | . . . . . Launcher . | . . . . . Special . | . . . . . Kinetic 78 | . 44 34 . . Thermal . | . . . . . Explosive . | . . . . . Electromagnetic . | . . . . . Robot Hit Streak 12 | . 9 12 . . Robot Miss Streak 2 | . 1 2 . . Penetration Max . | . . . . . Secondary Targets 2 | . 1 1 . . Max Gunslinging Chain 1 | . 1 1 . . Shots Hit Robots 61 | . 35 26 . . Core Hits 18 | . 9 8 . 1 Critical Kills . | . . . . . Critical Parts Destroyed . | . . . . . Critical Strikes . | . . . . . Melee Attacks . | . . . . . Impact . | . . . . . Slashing . | . . . . . Piercing . | . . . . . Sneak Attacks . | . . . . . Combat Hostiles . | . . . . . Follow-up Attacks . | . . . . . Damage Inflicted 635 | . 341 264 . 30 Guns 592 | . 341 251 . . Cannons . | . . . . . Explosions . | . . . . . Melee . | . . . . . Ramming 43 | . . 13 . 30 Kinetic 592 | . 341 251 . . Thermal . | . . . . . Explosive . | . . . . . Electromagnetic . | . . . . . Impact . | . . . . . Slashing . | . . . . . Piercing . | . . . . . Highest Corruption . | . . . . . Average Corruption . | . . . . . Corruption Purged . | . . . . . Corruption Blocked . | . . . . . Overload Shots . | . . . . . Overflow Damage . | . . . . . Projectiles . | . . . . . Explosions . | . . . . . Melee . | . . . . . Knockbacks . | . . . . . Impact . | . . . . . Kinetic . | . . . . . Secondary . | . . . . . Self-Inflicted Damage 13 | . . . . 13 Shots . | . . . . . Rammed 9 | . . 1 . 8 Targets Rammed 15 | . . 7 . 8 Kicked 6 | . . 6 . . Crushed . | . . . . . Highest Temperature 22 | . 12 22 . . Average Temperature 4 | . 4 5 . . Received Heat Transfer 621 | . 141 210 . 270 Siege Activations . | . . . . . Robots Corrupted . | . . . . . Combat Hostiles . | . . . . . Parts Fried . | . . . . . Impact Corruptions . | . . . . . Robots Melted . | . . . . . Combat Hostiles . | . . . . . Parts Melted . | . . . . . Heat Transferred . | . . . . . Parts Sabotaged . | . . . . . Parts Stolen . | . . . . . Parts Stripped . | . . . . . Power Chain Reactions . | . . . . . Alert | -11 -10 -10 -9 -9 ------- Run | Yrd Mat Min Mat Min Peak Influence 164 | . 135 97 26 164 Initial 52 | . . 52 26 9 Average 48 | . 47 87 26 54 Maximum Alert Level . | . . . . . Low Security (%) 100 | 100 100 100 100 100 Level 1 . | . . . . . Level 2 . | . . . . . Level 3 . | . . . . . Level 4 . | . . . . . Level 5 . | . . . . . High Security . | . . . . . Max Security . | . . . . . Squads Dispatched 2 | . 2 . . . Investigation . | . . . . . Extermination . | . . . . . Reinforcement 2 | . 2 . . . Assault . | . . . . . Garrison . | . . . . . Intercept . | . . . . . Searches Triggered . | . . . . . Construction Impeded . | . . . . . Haulers Reinforced . | . . . . . Active Scanning Responses . | . . . . . Cargo Convoy Interrupts . | . . . . . Stealth | -11 -10 -10 -9 -9 --------- Run | Yrd Mat Min Mat Min Distress Signals . | . . . . . Communications Jammed . | . . . . . Distress Signals . | . . . . . Times Spotted 37 | . 9 5 . 23 Peak Tracking Total 13 | . 3 3 . 13 Tactical Retreats 4 | . 1 . . 3 Traps | -11 -10 -10 -9 -9 ------- Run | Yrd Mat Min Mat Min Traps Triggered . | . . . . . Indirectly . | . . . . . Trap Hack Attempts . | . . . . . Triggered . | . . . . . Disarmed 4 | . 4 . . . Reprogrammed . | . . . . . Reused . | . . . . . Traps Extracted . | . . . . . Installed . | . . . . . Triggered . | . . . . . Machines | -11 -10 -10 -9 -9 ---------- Run | Yrd Mat Min Mat Min Machines Disabled . | . . . . . Max in Single Turn . | . . . . . Machines Repaired . | . . . . . Machines Dismantled . | . . . . . Machines Sabotaged . | . . . . . Overloaded Fab Kills . | . . . . . Hacking | -11 -10 -10 -9 -9 --------- Run | Yrd Mat Min Mat Min Machines Accessed 2 | . 1 1 . . Terminals 2 | . 1 1 . . Fabricators . | . . . . . Repair Stations . | . . . . . Recycling Units . | . . . . . Scanalyzers . | . . . . . Garrison Access . | . . . . . Total Hacks 5 | . 2 3 . . Successful 1 | . 1 . . . Failed 4 | . 1 3 . . Catastrophic . | . . . . . Database Lockouts . | . . . . . Manual . | . . . . . Terminals 5 | . 2 3 . . Fabricators . | . . . . . Repair Stations . | . . . . . Recycling Units . | . . . . . Scanalyzers . | . . . . . Garrison Access . | . . . . . Terminal Hacks 1 | . 1 . . . Disarm Traps 1 | . 1 . . . Fabricator Hacks . | . . . . . Repair Station Hacks . | . . . . . Recycling Unit Hacks . | . . . . . Scanalyzer . | . . . . . Garrison Access Hacks . | . . . . . Unauthorized Hacks . | . . . . . Terminals . | . . . . . Fabricators . | . . . . . Repair Stations . | . . . . . Recycling Units . | . . . . . Scanalyzers . | . . . . . Garrison Access . | . . . . . Data Cores Recovered . | . . . . . Used . | . . . . . Hacking Detections 2 | . 1 1 . . Full Trace Events . | . . . . . Feedback Events . | . . . . . Feedback Blocked . | . . . . . Robot Schematics Acquired . | . . . . . Robots Built . | . . . . . Authchips . | . . . . . Time . | . . . . . Total Robot Build Rating . | . . . . . Part Schematics Acquired . | . . . . . Parts Built . | . . . . . Authchips . | . . . . . Time . | . . . . . Total Part Build Rating . | . . . . . Parts Repaired . | . . . . . Time . | . . . . . Parts Recycled . | . . . . . Recycled Matter . | . . . . . Retrieved Matter . | . . . . . Retrieved Components . | . . . . . Parts Scanalyzed . | . . . . . Part Schematics Acquired . | . . . . . Parts Damaged . | . . . . . Bothacking | -11 -10 -10 -9 -9 ------------ Run | Yrd Mat Min Mat Min Used RIF Installer . | . . . . . Robots Hacked . | . . . . . Non-combat . | . . . . . Combat . | . . . . . Robot Hacks Applied . | . . . . . Relay Couplers Released . | . . . . . Fabnet Peak Effective % . | . . . . . Robots Rewired . | . . . . . Allies Hacked . | . . . . . Hacks Repelled . | . . . . . Allies | -11 -10 -10 -9 -9 -------- Run | Yrd Mat Min Mat Min Total Allies . | . . . . . Largest Group . | . . . . . Highest-Rated Group . | . . . . . Highest-Rated Ally . | . . . . . Total Orders . | . . . . . Ally Attacks . | . . . . . Total Damage . | . . . . . Kills . | . . . . . Allies Corrupted . | . . . . . Allies Melted . | . . . . . Intel | -11 -10 -10 -9 -9 ------- Run | Yrd Mat Min Mat Min Robot Analysis Total . | . . . . . Derelict Logs Recovered . | . . . . . Drone Launches . | . . . . . Drone Recoveries . | . . . . . Exploration | -11 -10 -10 -9 -9 ------------- Run | Yrd Mat Min Mat Min Turns Passed 692 | 72 341 102 36 141 Spaces Moved 412 | 57 181 22 19 133 Core 41 | 16 . 1 10 14 Treads . | . . . . . Legs 243 | 41 181 21 . . Wheels 128 | . . . 9 119 Hover . | . . . . . Flight . | . . . . . Fastest Speed 50 | 50 120 120 80 50 Average Speed 123 | 100 144 145 169 93 Slowest Speed 400 | 120 190 250 250 400 Overloaded Moves . | . . . . . Propulsion Burnouts . | . . . . . Robots Hopped . | . . . . . Cave-ins Triggered . | . . . . . Exploration Rate (%) 16 | 5 27 5 4 39 Regions Visited 4 Branch Regions 2 Pre-discovered Areas . | . . . . . Known Exits Taken . | . . . . . Unknown Exits Taken 4 | 1 1 1 1 . Scrap Searched . | . . . . . Spaces Dug . | . . . . . Terrain Destroyed . | . . . . . Melee . | . . . . . Projectile . | . . . . . AOE . | . . . . . Terrain Rammed . | . . . . . Walls Destroyed . | . . . . . Machines Disabled . | . . . . . Actions | -11 -10 -10 -9 -9 --------- Run | Yrd Mat Min Mat Min Total 518 | 71 220 56 22 149 Wait 17 | . 9 8 . . Move 408 | 56 180 21 18 133 Hop . | . . . . . Pick Up 16 | 9 7 . . . Fast Attach 4 | 1 1 1 1 . Attach 11 | 5 . . 3 3 Detach . | . . . . . Swap 3 | . . . . 3 Drop 3 | . 1 . . 2 Fire 41 | . 22 19 . . Melee . | . . . . . Ram 9 | . . 1 . 8 Kick 6 | . . 6 . . Crush . | . . . . . Escape Stasis . | . . . . . Rewire . | . . . . . Trap . | . . . . . Miscellaneous . | . . . . . Route ------- -11/Scrapyard -10/Materials -10/Mines -9/Materials -9/Mines History --------- Turn | Location | Event 12 | -11/Scrapyard | Discovered new exit (range 16) 73 | -11/Scrapyard | Entered Materials 313 | -10/Materials | Build established: Mutant 407 | -10/Materials | Discovered new exit (range 7) 414 | -10/Materials | Entered Mines 488 | -10/Mines | Discovered new exit (range 9) 515 | -10/Mines | Core integrity fell below 50% 516 | -10/Mines | Entered Materials 516 | -9/Materials | Evolved 2 slots: Utility x2 516 | -9/Materials | Discovered new exit (range 11) 543 | -9/Materials | Lost 3 parts (2n1w) 552 | -9/Materials | Entered Mines 630 | -9/Mines | Met a Derelict bent on vengeance 671 | -9/Mines | Core integrity fell below 50% 689 | -9/Mines | Core integrity fell below 20% 693 | -9/Mines | Destroyed by G-47 Trooper with Particle Gun Last Messages --------------- LOCATION=UNKNOWN GOAL=ESCAPE Something is scanning the area. 00609_ S-10 Pest destroyed. 00622_ K-01 Serf collects debris. 00635_ Wheel destroyed. 00657_ Lgt. Ion Engine destroyed. 00658_ Assault Rifle destroyed. 00659_ Slammed into G-47 Trooper. 00661_ Slammed into L-31 Rogue. 00662_ Slammed into G-34 Mercenary. 00666_ Destabilizing: Core damaged (-12). 00671_ K-01 Serf collects debris. 00676_ Critical hit (Burn: +37). 00677_ K-01 Serf collects debris. 00678_ Wheel destroyed. 00681_ K-01 Serf collects debris. 00686_ Sml. Storage Unit destroyed. 00687_ Dropped Med. Storage Unit. 00687_ Dropped Lgt. Nuclear Core. Map ----- +----------------------------------------------------+ | ???????????????????????????????????# """ #????? | | ???????????????????????????????????# #????? | | ???????????????????????????????????# """ #????? | | ???????????????????????????######### """ #????? | | ???????????????????????????# """ #????? | | ??###??????????????????????# ####### #????? | | ?? ?????????????????###### #?????# #????? | | ?? ?????????????????# #?????##########????? | | ?? ?????????????????# #####???????????????????? | | ?? ?????????????????# #???????????????????????? | | ??# #?????????????????# s##??????????????????????? | | ??# #????????????????## #??????????????????????? | | ??# #????????????????# ##?????????????????????? | | #?# #????????????????# ##????????????????????? | | ## #???????????????## ggg ##???????????????????? | | # #?????####????### gs #???????????????????? | | ##???## ##??## #???????????????????? | | ?# #??## #?## !#???????????????????? | | ?## #### ### g *####????????????????? | | ??# [%= g l ##???????????????? | | ??# * g ##??????????????? | | ??# #### #??????????????? | | ?# #??# #??????????????? | | #??## ######??????????????? | | ##???### t ##???????????????????? | | ???????##u @###????????????????????? | | #????????# ##??????????????????????? | | #?????????# #???????????????????????? | | ??????????## ##???????????????????????? | | ???????????## ##???????????????????????? | | ?????????????# ##??????????????????????? | | ?????????????# k #?????????????????????? | | ????????????## ### ???????????????????? | | ????????????# ##???? ????????????????????? | | ????????????# ##????????????????????????????? | | ????????????## ##?????????????????????????????? | | ?????????????# ###??????????????????????????????? | | ?????????????# #####????????????????????????????? | | ?????????????# #???????????????? ?????????? | | ?????????????# #???????????????? ?????????? | | ?????????????##### #???????????????? #?????????? | | ?????????????????# ####????????????? #?????????? | | ?????????????????# ##???????????? ###???????? | | ?????????????????# #???????????? ????????? | | ?????????????????# #???????????? ##????????? | | ?????????????????# ##??????????## ##???????? | | ?????????????????## #?????????### #???????? | | ??????????????????#### ########### #???????? | | ?????????????????????# #????????? | | ?????????????????????######### ## #????????? | +----------------------------------------------------+ Best States ------------- Heat Dissipation 28 Energy Generation 10 Energy Capacity 160 Matter Stores 300 Matter Capacity 300 Sight Range 16 Terrain Scan Density 10 Power Shielding 33 Evasion (%) 55 Item Schematics ----------------- None Robot Schematics ------------------ None Fabricated ------------ Nothing Alien Tech Used ----------------- None Achievements -------------- None Challenges ------------ None Game ------ Seed ThiefCooledCoupler Manual? 0 Play Time 00:12:10 Cumulative 9.2 hours Start 2024.08.27 @ 20:24:57 End 2024.08.27 @ 20:49:18 Sessions 1 Manual Loads 0 Difficulty Rogue Special Mode None Game No. 16 Rogue 16 Adventurer 0 Explorer 0 Win Type - Total 0 Types 0/0/0/0/0/0/0/0/0 Lore% 10 Gallery% 20 Achievement% 22 Wizard Run 0 Options --------- Layout 1 ASCII 0 Keyboard 0 Movement Numpad Keybinds 0 Fullscreen 1 Font 24/Smallcaps Map View 50x35 Zoom Use 0% Tactical HUD 1 Map Filters NONE Filters NONE Steam 1 RUN: 6031a144-9159-4395-884f-97d96c7258c4